 Dungeon Crawl Stone Soup version 0.28.0-53-g5a82cb258f (webtiles) character file.

Game seed: 10985704447522207334

46 Descartes the Sneak (level 3, -6/17 HPs)
             Began as a Felid Monk on June 30, 2022.
             Mangled by a gnoll
             ... wielding a +0 spear
              (8 damage)
             ... on level 3 of the Dungeon.
             The game lasted 00:05:16 (4163 turns).

Descartes the Sneak (Felid Monk)                    Turns: 4163, Time: 00:05:17

Health: -6/17      AC:  1    Str:  9    XL:     3   Next: 44%
Magic:  3/4        EV: 19    Int: 11    God:
Gold:   179        SH:  0    Dex: 18    Spells: 1/2 levels left
                                        Lives:  0   Deaths: 1

rFire   . . .      SeeInvis +     - Unarmed
rCold   . . .      Faith    .   (shield unavailable)
rNeg    . . .      Spirit   .   (armour unavailable)
rPois   .          Reflect  .   (helmet unavailable)
rElec   .          Harm     .   (cloak unavailable)
rCorr   .          Rampage  .   (gloves unavailable)
Will    .....                   (boots unavailable)
Stlth   +++.......              (no amulet)
HPRegen 0.05/turn               (no ring)
MPRegen 0.09/turn               (no ring)

@: appendages (expiring), quick
A: horns 2, very small, claws 1, fangs 3, see invisible, speed 1, shaggy fur 1,
stealthy paws, no weapons or thrown items, no armour, multi-lived
a: End Transformation


You were on level 3 of the Dungeon.
You had temporarily grown beastly horns.
You visited 1 branch of the dungeon, and saw 3 of its levels.

You collected 179 gold pieces.

Inventory:

Scrolls
 b - a scroll of acquirement {unknown}
 c - a scroll of enchant weapon {unknown}
 f - a scroll of fog {unknown}
 h - a scroll of teleportation {unknown}
 j - a scroll of noise {unknown}
 k - a scroll of identify {unknown}
Potions
 a - a potion of degeneration {unknown}
 d - a potion of mutation {unknown}
 e - a potion of berserk rage {unknown}
 g - a potion of magic {unknown}
 i - a potion of curing {unknown}


   Skills:
 - Level 3.0 Fighting
 + Level 5.0 Dodging
 * Level 5.4 Stealth
 - Level 3.0 Unarmed Combat
 + Level 1.1 Transmutations


You had one spell level left.
You knew the following spells:

 Your Spells              Type           Power      Damage    Failure   Level
a - Beastly Appendage     Tmut           4%         N/A       22%         1

Your spell library contained the following spells:

 Spells                   Type           Power      Damage    Failure   Level
 Wereblood                Tmut           2%         N/A       34%         2
 Spider Form              Tmut/Pois      1%         N/A       65%         3


Dungeon Overview and Level Annotations

Branches:
Dungeon (3/15)

Altars:


Innate Abilities, Weirdness & Mutations

You have temporarily grown beastly horns.
You have sharp claws.
You have razor-sharp teeth.
You have supernaturally acute eyesight. (SInv)
You cover ground quickly. (Speed+)
You are covered in fur. (AC +1)
Your paws help you pounce on unaware monsters.
You are incapable of wielding weapons or throwing items.
You cannot wear armour.
You gain extra lives every three experience levels.


Message History

You are very lightly contaminated with residual magic.
Nothing appears to happen.
Casting: Beastly Appendage (safe; 22% risk of failure)
Confirm with . or Enter, or press ? or * to list all spells.
You grow a pair of large bovine horns.
You scratch the giant cockroach.
The giant cockroach is severely wounded.
The giant cockroach closely misses you.
You closely miss the giant cockroach.
The giant cockroach is severely wounded.
Your transformation is almost over.
The giant cockroach bites you but does no damage.
The giant cockroach bites you.
You completely miss the giant cockroach.
The giant cockroach is severely wounded.
The giant cockroach bites you but does no damage.
You barely miss the giant cockroach.
The giant cockroach is severely wounded.
The giant cockroach misses you.
You claw the giant cockroach!
You kill the giant cockroach!
You scratch the hobgoblin. Your headbutt misses the hobgoblin.
The hobgoblin is severely wounded.
The hobgoblin misses you. The gnoll misses you.
Your magical contamination has completely faded away.
You scratch the hobgoblin.
You kill the hobgoblin!
The gnoll barely misses you.
Things that are here:
a +0 club; a hobgoblin corpse; a giant cockroach corpse You closely miss the gnoll.
The gnoll hits you with a +0 spear.
You scratch the gnoll.
The gnoll is moderately wounded.
The gnoll hits you with a +0 spear!
Ouch! That really hurt!
* * * LOW HITPOINT WARNING * * *
You scratch the gnoll.
The gnoll is heavily wounded.
The gnoll hits you with a +0 spear!
You die...

#.# #.###.#. #.# #.# #.## #.#
#.###.#. ..#####.## #......#
.........# ###.##.# ..#####..#
####.##.# #..# #.......#
######..# #############.##.#### .
#.......# #.gg@......##.##.#
.##)..###.###.########.#.....####
....#.........# #...........
..........##.###########..#######
###..###.###.#............#######
............B....................
..........)......................
≈≈≈.≈≈≈≈≈≈.g..≈≈≈≈≈≈†≈≈≈≈.≈≈....≈
≈≈≈≈≈≈≈≈≈≈.)g.≈≈≈≈≈≈≈≈≈≈≈≈≈≈≈≈≈≈≈


You could see a gnoll and a hobgoblin.

Vanquished Creatures
  Terence (D:1)
  A gnoll (D:1)
  2 dart slugs (D:1)
  2 orcs
  5 endoplasms
  2 giant cockroaches
  6 goblins
  3 hobgoblins
  3 quokkas
  3 ball pythons (D:1)
  5 bats
  A frilled lizard (D:1)
  8 kobolds
  7 rats
49 creatures vanquished.

Notes
Turn   | Place    | Note
-------+----------+-------------------------------------------
     0 | D:1      | Descartes the Felid Monk began the quest for the Orb.
     0 | D:1      | Reached XP level 1. HP: 10/10 MP: 2/2
    64 | D:1      | Reached XP level 2. HP: 14/14 MP: 3/3
   957 | D:1      | Found a faded altar of an unknown god.
  1028 | D:1      | Reached XP level 3. HP: 12/17 MP: 4/4
  1959 | D:2      | Noticed Terence
  2529 | D:2      | Learned a level 1 spell: Beastly Appendage
  2807 | D:2      | Reached skill level 5 in Stealth
  3080 | D:1      | Killed Terence
  3081 | D:1      | Reached XP level 4. HP: 7/21 MP: 3/5
  3297 | D:3      | Reached skill level 5 in Dodging
  3308 | D:3      | Reached skill level 1 in Transmutations
  3419 | D:3      | Noticed a scorpion
  3850 | D:2      | Slain by a scorpion
  3851 | D:2      | Reached XP level 3. HP: -3/17 MP: 4/4
  4163 | D:3      | Mangled by a gnoll

Illustrated notes

Levels and vault maps discovered:
D:1:      evilmike_arrival_crescent, layout_basic,
          chequers_ecumenical_altar_twisty
D:2:      layout_basic, uniq_terence
D:3:      minmay_goblin_kobold_castle, layout_loops_ring, serial_shops,
          nicolae_shop_bloodbath_and_beyond, dk_noncrumbling_4

Skill      XL: |  1  2  3  4 |
---------------+-------------+-----
Stealth        | 3 4 5 |  5.4
Dodging        | 5 |  5.0
Transmutations | 1 |  1.1
Fighting       | |  3.0
Unarmed Combat | |  3.0

Action                   |  1- 3 |  4- 6 || total
-------------------------+-------+-------++-------
Melee: Unarmed           |   139 |    19 ||   158
       Bite              |    11 |     4 ||    15
       Punch             |     4 |       ||     4
       Headbutt          |     5 |     3 ||     8
 Cast: Beastly Appendage |     5 |     1 ||     6
 Stab: Sleeping          |     8 |     1 ||     9
Armor: Skin              |    11 |       ||    11
Dodge: Dodged            |   136 |    12 ||   148
